 Dungeon Crawl Stone Soup version 0.32-a0-960-g3814254bd7 (webtiles) character file.

Game seed: 13989395073688815791

8834 javelincjr the Fighter (level 11, -17/107 HPs)
             Began as a Minotaur Berserker on Apr 16, 2024.
             Was a High Priest of Trog.
             Demolished by a centaur warrior simulacrum (19 damage)
             ... on level 9 of the Dungeon on Apr 17, 2024.
             The game lasted 00:30:27 (9199 turns).

javelincjr the Fighter (Minotaur Berserker)         Turns: 9199, Time: 00:30:28

Health: -17/107    AC: 22    Str: 24    XL:     11   Next: 15%
Magic:  0/10       EV: 10    Int:  6    God:    Trog [*****.]
Gold:   754        SH:  0    Dex: 10    Spells: 10/10 levels left

rFire   . . .        a - +4 trident (protect)
rCold   . . .        (no shield)
rNeg    . . .        A - +0 chain mail
rPois   .            (helmet unavailable)
rElec   .            h - +0 cloak
rCorr   .            (no gloves)
SInv    +            t - +1 pair of boots
Will    ++...        e - amulet of guardian spirit Stlth
                     s - ring of see invisible
HPRegen 1.37/turn    f - ring of flight
MPRegen 0.12/turn

%: clarity, guardian spirit
@: strong-willed, under a protective aura, on berserk cooldown, flying,
regenerating, slowed, very slow
A: horns 3, retaliatory headbutt, clarity, sense surroundings 1
a: Renounce Religion, Berserk, Trog's Hand, Brothers in Arms


You were on level 9 of the Dungeon.
You worshipped Trog.
Trog was extremely pleased with you.
You visited 1 branch of the dungeon, and saw 9 of its levels.
You also visited: Ossuary.

You collected 754 gold pieces.

Inventory:

Hand Weapons
 a - a +4 trident of protection (weapon)
 b - a +0 arbalest
 q - a +1 dagger of draining
 B - a +2 quarterstaff of chaos
 D - a +3 trident of draining
 E - a +2 hammer of holy wrath
 H - a +2 heavy war axe
Missiles
 g - 19 poisoned darts (quivered)
 i - 11 boomerangs
 p - 5 throwing nets
Armour
 h - a +0 cloak (worn)
 t - a +1 pair of boots (worn)
 A - a +0 chain mail (worn)
Jewellery
 e - an amulet of guardian spirit (around neck)
 f - a ring of flight (right hand)
 n - a ring of ice
 s - a ring of see invisible (left hand)
Wands
 k - a wand of polymorph (5)
 w - a wand of charming (21)
 G - a wand of warping (5)
Scrolls
 c - 6 scrolls of teleportation
 j - 2 scrolls of revelation
 l - 3 scrolls of amnesia
 o - 3 scrolls of vulnerability
 C - 2 scrolls of fear
Potions
 d - 3 potions of berserk rage
 m - 3 potions of brilliance
 u - a potion of mutation
 v - 2 potions of might
 x - a potion of lignification
 y - 4 potions of curing
 z - a potion of invisibility
 F - a potion of ambrosia


   Skills:
 * Level 13.1 Fighting
 + Level 9.7(10.4) Axes
 + Level 5.8(8.5) Polearms
 + Level 9.3 Armour
 + Level 8.4 Dodging


You had 10 spell levels left.
You didn't know any spells.
Your spell library was empty.

Dungeon Overview and Level Annotations

Branches:
Dungeon (9/15)             Temple (0/1) D:5         Ossuary (visited)
   Lair: D:8-11         Orc: D:9-12

Altars:
Ashenzari
Dithmenos
Elyvilon
Fedhas
Kikubaaqudgha
Nemelex Xobeh
Ru
Trog
Vehumet
Xom
Zin

Shops:
D:2 (   D:5 :


Innate Abilities, Weirdness & Mutations

You have a pair of large horns on your head.
You reflexively headbutt those who attack you in melee.
You possess an exceptional clarity of mind.
You passively map a small area around you.


Message History

You puncture grrhawk's ghost!
Grrhawk's ghost is severely damaged.
The centaur warrior simulacrum hits you.
The centaur warrior simulacrum freezes you!!
The centaur warrior simulacrum kicks you but does no damage.
The centaur warrior simulacrum hits you!
The centaur warrior simulacrum freezes you!!
* * * LOW HITPOINT WARNING * * *
The centaur warrior simulacrum barely misses you.
You puncture grrhawk's ghost!
Grrhawk's ghost is almost destroyed.
Grrhawk's ghost hits you.
* * * LOW HITPOINT WARNING * * *
The centaur warrior simulacrum closely misses you.
The centaur warrior simulacrum kicks you but does no damage.
The centaur warrior simulacrum hits you but does no damage.
The centaur warrior simulacrum kicks you but does no damage.
You impale grrhawk's ghost!!
You destroy grrhawk's ghost!
Trog accepts your kill.
You are no longer berserk.
You are exhausted.
You feel yourself slow down.
The centaur warrior simulacrum barely misses you.
The centaur warrior simulacrum kicks you but does no damage.
The centaur warrior simulacrum hits you but does no damage.
The centaur warrior simulacrum kicks you but does no damage.
You hit the centaur warrior simulacrum.
The centaur warrior simulacrum is severely damaged.
The spectral centaur warrior hits you but does no damage.
The spectral centaur warrior kicks you but does no damage.
The centaur warrior simulacrum hits you.
* * * LOW HITPOINT WARNING * * *
The centaur warrior simulacrum freezes you!!
* * * LOW HITPOINT WARNING * * *
The centaur warrior simulacrum kicks you but does no damage.
The centaur warrior simulacrum hits you.
* * * LOW HITPOINT WARNING * * *
The centaur warrior simulacrum freezes you!!
You die...

#####.##### ###.# #.###
##...#
#...#############..###
###...##.#.#.##...##
########..#.....#..###
#.........'...?##+########
#.........'...?.#.........
#.......ZZZZ..$##.........
#........@#.....#.........
#.........#.#.#.#.........
#.........##### #.......<.
#####.##### ##'####### #.#
#...## #.### ###..# #...#
####.#### ###.# #........
######'##### ###.#####


You could see a spectral centaur warrior, 2 centaur warrior simulacra and a
boggart zombie.

Vanquished Creatures
  Harold (D:9)
  The ghost of grrhawk the Cleaver, a journeyman CoGl (D:9)
  A centaur zombie (D:9)
  Jeremiah (D:7)
  A troll (D:9)
  2 hornets (D:6)
  3 wyverns
  10 yaks
  A steam dragon (D:7)
  Menkaure (D:7)
  An acid dragon (D:8)
  An orc warrior (D:6)
  A sky beast (D:6)
  3 ogres
  3 centaurs
  2 phantoms
  A kobold brigand (D:7)
  3 elf zombies (Ossuary)
  2 bullfrogs
  6 scorpions
  13 wights
  9 killer bees (D:7)
  4 howler monkeys
  A bombardier beetle (D:5)
  2 hounds
  A gnoll bouda (D:7)
  6 orc priests
  A jelly (D:5)
  A bullfrog skeleton (D:7)
  Crazy Yiuf (D:7)
  Jessica (D:2)
  5 iguanas
  3 scorpion zombies (D:7)
  A sleepcap (D:5)
  17 orc wizards
  A statue (D:4)
  A hound zombie (Ossuary)
  4 mummies (Ossuary)
  2 gnolls (D:7)
  4 adders
  2 howler monkey skeletons (D:7)
  A shadow imp (D:8)
  5 white imps
  2 adder skeletons (D:2)
  An adder zombie (D:2)
  2 dart slugs
  31 orcs
  4 ball pythons
  4 endoplasms
  2 giant cockroaches
  3 goblins
  7 hobgoblins
  5 jackals
  13 kobolds
  3 quokkas
  A ball python skeleton (D:2)
  7 bats
  7 frilled lizards
  A giant cockroach zombie (D:2)
  A gnoll zombie (Ossuary)
  A goblin zombie (Ossuary)
  A hobgoblin zombie (Ossuary)
  A jackal skeleton (D:2)
  3 orc zombies (Ossuary)
  5 rats
  2 rat zombies (Ossuary)
238 creatures vanquished.

Vanquished Creatures (collateral kills)
  An orc (D:6)
1 creature vanquished.

Vanquished Creatures (others)
  Prince Ribbit (D:7)
  A gnoll (D:8)
2 creatures vanquished.

Grand Total: 241 creatures vanquished

Notes
Turn   | Place    | Note
-------+----------+-------------------------------------------
     0 | D:1      | javelincjr the Minotaur Berserker began the quest for the
                  | Orb.
     0 | D:1      | Reached XP level 1. HP: 19/19 MP: 0/0
   130 | D:1      | Reached XP level 2. HP: 23/27 MP: 1/1
   194 | D:1      | Found a faded altar of an unknown god.
   301 | D:1      | Reached skill level 4 in Fighting
   757 | D:2      | Reached XP level 3. HP: 33/33 MP: 2/2
   856 | D:2      | Reached ** piety under Trog
   999 | D:2      | Noticed Jessica
  1018 | D:2      | Killed Jessica
  1069 | D:2      | Reached XP level 4. HP: 40/41 MP: 3/3
  1464 | D:2      | Found Emuic's Antique Weapon Boutique.
  2044 | D:3      | Reached skill level 5 in Fighting
  2654 | D:4      | Reached XP level 5. HP: 40/48 MP: 4/4
  2736 | D:4      | Found a shadowy altar of Dithmenos.
  2745 | D:4      | Reached *** piety under Trog
  2837 | D:4      | Reached XP level 6. HP: 48/57 MP: 5/5
  2922 | D:4      | Reached skill level 6 in Fighting
  3245 | D:4      | Found a radiant altar of Vehumet.
  3644 | D:4      | Upgraded the game from 0.32-a0-953-g508020473e to
                  | 0.32-a0-960-g3814254bd7
  3664 | D:5      | Entered Level 5 of the Dungeon
  3681 | D:5      | Reached skill level 5 in Axes
  3784 | D:5      | Reached XP level 7. HP: 50/64 MP: 6/6
  4018 | D:5      | Found a sparkling altar of Nemelex Xobeh.
  4035 | D:5      | Found a blossoming altar of Fedhas.
  4076 | D:5      | Found a staircase to the Ecumenical Temple.
  4142 | D:5      | Reached skill level 7 in Fighting
  4283 | D:5      | Reached skill level 5 in Armour
  4521 | D:5      | Found Vuefuoll's Book Emporium.
  4628 | D:5      | Found a bloodstained altar of Trog.
  4794 | D:6      | Found a shimmering altar of Xom.
  4867 | D:6      | Reached skill level 5 in Dodging
  4869 | D:6      | Reached XP level 8. HP: 71/74 MP: 7/7
  5025 | D:6      | Reached skill level 8 in Fighting
  5085 | D:6      | Found a glowing silver altar of Zin.
  5237 | D:6      | Reached skill level 9 in Fighting
  5248 | D:6      | Noticed a hornet
  5257 | D:6      | Paralysed by a hornet for 1 turns
  5262 | D:6      | Noticed a hornet
  5265 | D:6      | Killed a hornet
  5268 | D:6      | Reached XP level 9. HP: 47/84 MP: 8/8
  5281 | D:6      | Gained mutation: Your magical capacity is low. (-10% MP)
                  | [potion of mutation]
  5309 | D:6      | Reached skill level 10 in Fighting
  5560 | D:6      | Found a white marble altar of Elyvilon.
  5892 | D:6      | Found an ancient bone altar of Kikubaaqudgha.
  5975 | D:7      | Reached skill level 1 in Polearms
  6189 | D:7      | Reached **** piety under Trog
  6213 | D:7      | Noticed Menkaure
  6232 | D:7      | Killed Menkaure
  6380 | D:7      | Found a sand-covered staircase.
  6392 | Ossuary  | Entered an ossuary
  6418 | Ossuary  | Reached skill level 11 in Fighting
  6490 | Ossuary  | Lost mutation: Your magical capacity is low. (-10% MP)
                  | [potion of mutation]
  6490 | Ossuary  | Gained mutation: You are partially covered in iridescent
                  | scales. (AC +2) [potion of mutation]
  6490 | Ossuary  | Gained mutation: You are frail. (-10% HP) [potion of
                  | mutation]
  6490 | Ossuary  | Gained mutation: You are strong-willed. (Will+) [potion of
                  | mutation]
  6491 | Ossuary  | Lost mutation: You are frail. (-10% HP) [potion of
                  | mutation]
  6491 | Ossuary  | Lost mutation: You are strong-willed. (Will+) [potion of
                  | mutation]
  6491 | Ossuary  | Gained mutation: You occasionally lose the ability to read
                  | scrolls when taking damage. [potion of mutation]
  6491 | Ossuary  | Gained mutation: You have a pair of large horns on your
                  | head. [potion of mutation]
  6735 | D:7      | Noticed Jeremiah
  6787 | D:7      | Killed Jeremiah
  6984 | D:7      | Noticed Prince Ribbit
  6990 | D:7      | Reached XP level 10. HP: 90/92 MP: 9/9
  6996 | D:7      | Killed Prince Ribbit
  7175 | D:7      | Found a sacrificial altar of Ru.
  7401 | D:7      | Found a runed translucent door.
  7402 | D:7      | Noticed Crazy Yiuf
  7407 | D:7      | Killed Crazy Yiuf
  7503 | D:7      | Lost mutation: You have a pair of large horns on your head.
                  | [potion of mutation]
  7503 | D:7      | Lost mutation: You are partially covered in iridescent
                  | scales. (AC +2) [potion of mutation]
  7503 | D:7      | Lost mutation: You occasionally lose the ability to read
                  | scrolls when taking damage. [potion of mutation]
  7503 | D:7      | Gained mutation: You passively map a small area around you.
                  | [potion of mutation]
  7503 | D:7      | Gained mutation: You possess an exceptional clarity of
                  | mind. [potion of mutation]
  7503 | D:7      | Gained mutation: You have a pair of large horns on your
                  | head. [potion of mutation]
  8191 | D:8      | Reached ***** piety under Trog
  8278 | D:8      | Reached skill level 12 in Fighting
  8682 | D:9      | Found a broken altar of Ashenzari.
  8754 | D:9      | Reached skill level 5 in Polearms
  8915 | D:9      | Noticed Harold
  8928 | D:9      | Killed Harold
  8933 | D:9      | Reached XP level 11. HP: 106/106 MP: 8/10
  9050 | D:9      | Found a runed translucent gate.
  9050 | D:9      | Found a runed translucent gate.
  9051 | D:9      | Found a runed translucent gate.
  9055 | D:9      | Noticed grrhawk's ghost (journeyman CoGl)
  9190 | D:9      | Reached skill level 13 in Fighting
  9198 | D:9      | Killed grrhawk's ghost
  9199 | D:9      | HP: 3/107 [centaur warrior simulacrum (27)]
  9199 | D:9      | Demolished by a centaur warrior simulacrum

Illustrated notes

Levels and vault maps discovered:
D:1:      dpeg_arrival_solitude, layout_loops_ring,
          shapermc_ecumenical_altar_petra, st_stairs_1
D:2:      layout_basic, serial_shops, shop, serial_undead, serial_undead_d,
          serial_undead_a, serial_undead_e, serial_undead_d,
          minmay_split_cup_small, uniq_jessica
D:3:      layout_basic, minmay_bisected
D:4:      layout_basic, nicolae_dithmenos_shadow_blocks, vehumet_statue
D:5:      layout_loops_corners, fedhas_altar_1,
          mainiacjoe_overflow_concentric_impassable,
          mainiacjoe_overflow_alcove_1, minmay_temple_entry_glass, serial_shops,
          shop
D:6:      layout_loops_ring, lemuel_tele_altar, kennysheep_little_box,
          elyvilon_altar_3, nicolae_overflow_crystal_walls, minmay_starry_boxes
D:7:      layout_basic, mainiacjoe_overflow_small_starburst,
          mainiacjoe_ossuary_entry_find_the_door, lemuel_flamethrower_1,
          uniq_crazy_yiuf_cottage, uniq_menkaure, uniq_jeremiah,
          uniq_prince_ribbit1
D:8:      layout_rooms, hangedman_decor_clover_reticule
D:9:      layout_roguey, nicolae_ashenzari_panopticon,
          gammafunk_ghost_necromancy, uniq_harold

Skill      XL: |  1  2  3  4  5  6  7  8  9 10 11 |
---------------+----------------------------------+-----
Fighting       | 4 5 6 7 9 11 12 13 | 13.1
Axes           | 4 5 6 7 8 9 |  9.7
Armour         | 3 4 5 6 7 9 |  9.3
Dodging        | 3 4 5 6 7 8 |  8.4
Polearms       | 3 5 |  5.8

Action                     |  1- 3 |  4- 6 |  7- 9 | 10-12 || total
---------------------------+-------+-------+-------+-------++-------
  Melee: Hand axe          |    59 |    53 |       |       ||   112
         Headbutt          |     6 |    20 |    45 |    42 ||   113
         War axe           |       |    78 |    79 |    13 ||   170
         Dagger            |       |     3 |       |       ||     3
         Trident           |       |       |   209 |   189 ||   398
   Fire: Arbalest          |       |       |       |     4 ||     4
  Throw: Dart              |       |       |       |     3 ||     3
 Invoke: Berserk           |       |       |     4 |     4 ||     8
         Trog's Hand       |       |       |     3 |     2 ||     5
  Evoke: Wand              |       |       |     2 |       ||     2
    Use: Potion            |       |       |     7 |     2 ||     9
         Scroll            |       |       |       |    15 ||    15
 Armour: Animal skin       |    32 |     8 |       |       ||    40
         Scale mail        |       |    96 |    41 |       ||   137
         Chain mail        |       |       |   188 |   217 ||   405
  Dodge: Dodged            |    46 |    83 |   129 |   131 ||   389

Table legend: (Time is in decaauts)
 A = Elapsed time spent in this place.
 B = Non-inter-level travel time spent in this place.
 C = Inter-level travel time spent in this place.
 D = Time resting spent in this place.
 E = Time spent auto-exploring this place.
 F = Levels seen in this place.
 G = Mean time per level.
                   A        B        C        D        E       F      G
               +--------+--------+--------+--------+--------+-----+--------+
         Total |   9307 |   9068 |    239 |    441 |   6889 |  10 |  930.7 |
       Dungeon |   9071 |   8832 |    239 |    441 |   6724 |   9 | 1007.9 |
       Ossuary |    236 |    236 |      0 |      0 |    165 |   1 |  236.0 |
               +--------+--------+--------+--------+--------+-----+--------+

Top non-repeatable levels by time:
     D:7: 1875 daAuts
     D:6: 1197 daAuts
     D:4: 1128 daAuts
     D:5: 1124 daAuts
     D:2: 966 daAuts
     D:3: 882 daAuts
     D:1: 717 daAuts
     D:9: 670 daAuts
     D:8: 507 daAuts
 Ossuary: 236 daAuts
